Cogmind - Beta 13 @@@ ROGUE MODE // 2024.04.15 @ 13:40:21 Player: GDW Result: Destroyed by B-36 Bruiser with Hammer Performance ------------- Evolutions (1) 500 Regions Visited (3) 600 Robots Destroyed (25) 125 Value Destroyed (641) 641 Prototype IDs (2) 40 Alien Tech Used (0) 0 Bonus (-22) -22 TOTAL SCORE: 1884 Bonus ------- Friendly Fire -22 Cogmind --------- Core Integrity 0/400 Matter 39/300 Energy 96/100 System Corruption 0% Temperature Cool (9) Movement Walking (120) Location -9/Storage Parts ------- > --- POWER (1) -------- (None) > --- PROPULSION (4) --- Aluminum Leg > --- UTILITY (2) ------ Drone Bay (0/2) > --- WEAPON (2) ------- Mace > --- INVENTORY (5) ---- Terrain Scan Processor Transport Network Coupler Drone Bay (2/2) Improved Datajack Peak State ------------ > --- POWER ------------ Ion Engine > --- PROPULSION ------- Light Treads Improved Treads Aluminum Leg Aluminum Leg > --- UTILITY ---------- Huge Storage Unit Drone Bay > --- WEAPON ----------- EM Pulse Cannon Grenade Launcher > --- INVENTORY -------- Ion Engine Flight Unit Signal Interpreter Improved Signal Interpreter Terrain Scan Processor Transport Network Coupler ECM Suite Drone Bay Drone Bay Drone Bay Drone Bay Drone Bay Drone Bay Drone Bay Grenade Launcher Improved Datajack Mace [Rating: 21] Favorites ----------- Power Ion Engine Engine Ion Engine Propulsion Light Treads Treads Light Treads Leg Aluminum Leg Utility Huge Storage Unit Device ECM Suite Storage Huge Storage Unit Weapon Assault Rifle Energy Cannon EM Pulse Cannon Ballistic Gun Assault Rifle Launcher Grenade Launcher Impact Weapon Mace Special Melee Weapon Improved Datajack Build | -11 -10 -9 -9 ------- Run | Yrd Mat Mat Sto Slots Evolved 2 | . . 2 . Power . | . . . . Propulsion 2 | . . 2 . Utility . | . . . . Weapon . | . . . . Parts Attached 36 | 6 4 14 12 Power 4 | 1 1 1 1 Engine 4 | 1 1 1 1 Core . | . . . . Reactor . | . . . . Propulsion 10 | 2 1 5 2 Treads 8 | 2 1 5 . Leg 2 | . . . 2 Wheel . | . . . . Hover . | . . . . Flight . | . . . . Utility 7 | 1 1 2 3 Device 4 | . . 1 3 Storage 3 | 1 1 1 . Processor . | . . . . Hackware . | . . . . Protection . | . . . . Artifact . | . . . . Weapon 15 | 2 1 6 6 Energy Gun . | . . . . Energy Cannon 1 | . . . 1 Ballistic Gun 6 | 2 1 3 . Ballistic Cannon . | . . . . Launcher 2 | . . . 2 Special Weapon . | . . . . Impact Weapon 2 | . . 1 1 Slashing Weapon . | . . . . Piercing Weapon . | . . . . Special Melee Weapon 4 | . . 2 2 Unidentified Prototypes . | . . . . Parts Lost 14 | . . 4 10 Power 3 | . . 1 2 Propulsion 6 | . . 2 4 Utility 1 | . . . 1 Weapon 4 | . . 1 3 Highest Loss Streak 8 | . . 4 8 To Critical Strikes . | . . . . Average Slot Usage (%) 84 | . 85 85 76 Engine 11 | . 14 10 9 Treads 30 | . 28 33 25 Device 6 | . . 8 8 Storage 11 | . 14 11 8 Ballistic Gun 11 | . 28 5 1 Launcher 1 | . . . 9 Impact Weapon 6 | . . 10 5 Special Melee Weapon 3 | . . 5 . Naked Turns . | . . . . Heaviest Build 100 | 14 19 91 100 Greatest Support 80 | 40 40 80 63 Greatest Overweight (x) 2 | . . 2 2 Average Overweight (x) . | . . 1 . Largest Inventory Capacity 25 | 8 10 25 25 Average Capacity 19 | 7 8 24 20 Most Carried 19 | 6 9 11 19 Average Carried 8 | 3 7 7 11 Final Capacity 25 | 8 10 25 5 Final Carried 10 | 4 9 10 4 Class Distribution -------------------- 100% | Mutant Dominant Class ---------------- Mutant | -10/Materials Mutant | -9/Materials Mutant | -9/Storage Resources | -11 -10 -9 -9 ----------- Run | Yrd Mat Mat Sto Matter Collected 804 | 232 401 153 18 Remotely . | . . . . Salvage Created 820 | . 527 161 132 Parts 46 | . 34 6 6 Haulers Intercepted 1 | . 1 . . Recyclers Shooed 1 | . 1 . . Parts Field Recycled . | . . . . Retrieved Matter . | . . . . Parts Self-Destructed . | . . . . Prevented . | . . . . Kills | -11 -10 -9 -9 ------- Run | Yrd Mat Mat Sto Combat Hostiles Destroyed 21 | . 11 4 6 Guns 13 | . 11 2 . AOE 6 | . . . 6 Classes Destroyed 6 | . 4 2 . Worker 1 | . . 1 . Hauler 1 | . 1 . . Recycler 2 | . 1 . 1 Swarmer 6 | . 1 1 4 Grunt 12 | . 10 1 1 Sentry 3 | . . 2 1 Best Kill Streak 6 | . 3 1 6 Combat Bots Only 5 | . 3 1 5 Max Kills in Single Turn 4 | . 1 1 4 Gunslinging . | . . . . Exploded 3 | . . . 3 Melee . | . . . . Uniques/NPCs Destroyed . | . . . . Combat | -11 -10 -9 -9 -------- Run | Yrd Mat Mat Sto Hostile Shots Fired 294 | . 71 83 140 Missed 98 | . 26 23 49 Damage Taken 2825 | . 553 796 1476 Core 532 | . 100 182 250 Absorbed by Shields . | . . . . Regen/Repaired (Parts) 180 | . . 180 . Core Remaining (%) 80 | 100 60 . . Volleys Fired 99 | . 60 24 15 Largest 2 | . 2 2 2 Hottest 93 | . 40 40 93 Shots Fired 168 | . 120 25 23 Gun 145 | . 120 25 . Cannon 9 | . . . 9 Launcher 14 | . . . 14 Special . | . . . . Kinetic 145 | . 120 25 . Thermal . | . . . . Explosive 14 | . . . 14 Electromagnetic 9 | . . . 9 Robot Hit Streak 13 | . 13 3 3 Robot Miss Streak 4 | . 4 3 2 Penetration Max . | . . . . Secondary Targets 2 | . 2 . . Max Gunslinging Chain 1 | . 1 . . Shots Hit Robots 108 | . 70 28 10 Core Hits 44 | . 26 4 14 Critical Kills . | . . . . Critical Parts Destroyed 2 | . . 2 . Critical Strikes 2 | . . 2 . Smash 2 | . . 2 . Melee Attacks 28 | . . 23 5 Impact 19 | . . 15 4 Slashing . | . . . . Piercing . | . . . . Sneak Attacks 5 | . . 5 . Combat Hostiles . | . . . . Follow-up Attacks . | . . . . Damage Inflicted 1900 | . 874 420 606 Guns 1068 | . 874 194 . Cannons 109 | . . . 109 Explosions 470 | . . . 470 Melee 253 | . . 226 27 Ramming . | . . . . Kinetic 1068 | . 874 194 . Thermal . | . . . . Explosive 470 | . . . 470 Electromagnetic 109 | . . . 109 Impact 253 | . . 226 27 Slashing . | . . . . Piercing . | . . . . Highest Corruption 1 | . 1 . . Average Corruption 1 | . 1 . . Corruption Purged . | . . . . Corruption Blocked . | . . . . Effects 1 | . 1 . . Message Errors 1 | . 1 . . Overload Shots . | . . . . Overflow Damage 98 | . . 91 7 Projectiles . | . . . . Explosions 7 | . . . 7 Melee 91 | . . 91 . Knockbacks 1 | . . 1 . Impact 1 | . . 1 . Kinetic . | . . . . Secondary . | . . . . Self-Inflicted Damage 49 | . . . 49 Shots 2 | . . . 2 Rammed . | . . . . Targets Rammed . | . . . . Kicked . | . . . . Crushed . | . . . . Highest Temperature 72 | . 20 23 72 Average Temperature 24 | . 4 11 35 Received Heat Transfer 1092 | . 321 315 456 Siege Activations . | . . . . Robots Corrupted . | . . . . Combat Hostiles . | . . . . Parts Fried 3 | . . 3 . Impact Corruptions 5 | . . 5 . Robots Melted . | . . . . Combat Hostiles . | . . . . Parts Melted . | . . . . Heat Transferred . | . . . . Parts Sabotaged . | . . . . Parts Stolen . | . . . . Parts Stripped . | . . . . Power Chain Reactions . | . . . . Alert | -11 -10 -9 -9 ------- Run | Yrd Mat Mat Sto Peak Influence 217 | . 152 126 217 Initial 63 | . . 63 . Average 49 | . 58 40 71 Maximum Alert Level 1 | . . . 1 Low Security (%) 98 | 100 100 100 92 Level 1 1 | . . . 7 Level 2 . | . . . . Level 3 . | . . . . Level 4 . | . . . . Level 5 . | . . . . High Security . | . . . . Max Security . | . . . . Squads Dispatched 5 | . 2 1 2 Investigation 2 | . 2 . . Extermination . | . . . . Reinforcement 1 | . . 1 . Assault . | . . . . Garrison 2 | . . . 2 Intercept . | . . . . Searches Triggered . | . . . . Construction Impeded . | . . . . Haulers Reinforced . | . . . . Active Scanning Responses . | . . . . Cargo Convoy Interrupts . | . . . . Stealth | -11 -10 -9 -9 --------- Run | Yrd Mat Mat Sto Distress Signals 2 | . 2 . . Communications Jammed . | . . . . Distress Signals . | . . . . Times Spotted 37 | . 14 10 13 Peak Tracking Total 8 | . 4 5 8 Tactical Retreats 5 | . 1 2 2 Traps | -11 -10 -9 -9 ------- Run | Yrd Mat Mat Sto Traps Triggered 3 | . 1 . 2 Indirectly . | . . . . Trap Hack Attempts . | . . . . Triggered . | . . . . Disarmed . | . . . . Reprogrammed . | . . . . Reused . | . . . . Traps Extracted . | . . . . Installed . | . . . . Triggered . | . . . . Machines | -11 -10 -9 -9 ---------- Run | Yrd Mat Mat Sto Machines Disabled 1 | . . . 1 Max in Single Turn 1 | . . . 1 Machines Repaired . | . . . . Machines Dismantled . | . . . . Machines Sabotaged . | . . . . Overloaded Fab Kills . | . . . . Hacking | -11 -10 -9 -9 --------- Run | Yrd Mat Mat Sto Machines Accessed 13 | . 5 6 2 Terminals 11 | . 5 4 2 Fabricators . | . . . . Repair Stations 1 | . . 1 . Recycling Units 1 | . . 1 . Scanalyzers . | . . . . Garrison Access . | . . . . Total Hacks 33 | . 11 17 5 Successful 21 | . 7 12 2 Failed 12 | . 4 5 3 Catastrophic . | . . . . Database Lockouts . | . . . . Manual . | . . . . Terminals 27 | . 11 11 5 Fabricators . | . . . . Repair Stations 4 | . . 4 . Recycling Units 2 | . . 2 . Scanalyzers . | . . . . Garrison Access . | . . . . Terminal Hacks 17 | . 7 8 2 Record 6 | . 2 4 . Prototype ID Bank 1 | . 1 . . Open Door 2 | . . . 2 Emergency Access Points 3 | . 1 2 . Dispatch Records 1 | . 1 . . Maintenance Status 1 | . 1 . . Investigation Status 1 | . . 1 . Hauler Manifests 2 | . 1 1 . Fabricator Hacks . | . . . . Repair Station Hacks 4 | . . 4 . Scan Component 2 | . . 2 . Repair 2 | . . 2 . Recycling Unit Hacks . | . . . . Scanalyzer . | . . . . Garrison Access Hacks . | . . . . Unauthorized Hacks . | . . . . Terminals . | . . . . Fabricators . | . . . . Repair Stations . | . . . . Recycling Units . | . . . . Scanalyzers . | . . . . Garrison Access . | . . . . Data Cores Recovered . | . . . . Used . | . . . . Hacking Detections 11 | . 5 6 . Full Trace Events 2 | . 2 . . Feedback Events 1 | . 1 . . Corruption 1 | . 1 . . Feedback Blocked . | . . . . Robot Schematics Acquired . | . . . . Robots Built . | . . . . Authchips . | . . . . Time . | . . . . Total Robot Build Rating . | . . . . Part Schematics Acquired . | . . . . Parts Built . | . . . . Authchips . | . . . . Time . | . . . . Total Part Build Rating . | . . . . Parts Repaired 2 | . . 2 . Time 52 | . . 52 . Parts Recycled . | . . . . Recycled Matter . | . . . . Retrieved Matter . | . . . . Retrieved Components . | . . . . Parts Scanalyzed . | . . . . Part Schematics Acquired . | . . . . Parts Damaged . | . . . . Bothacking | -11 -10 -9 -9 ------------ Run | Yrd Mat Mat Sto Used RIF Installer . | . . . . Robots Hacked 4 | . . 4 . Non-combat 2 | . . 2 . Combat 2 | . . 2 . Robot Hacks Applied 6 | . . 6 . parse_system 4 | . . 4 . no_distress 2 | . . 2 . Relay Couplers Released . | . . . . Fabnet Peak Effective % . | . . . . Robots Rewired . | . . . . Allies Hacked . | . . . . Hacks Repelled . | . . . . Allies | -11 -10 -9 -9 -------- Run | Yrd Mat Mat Sto Total Allies . | . . . . Largest Group . | . . . . Highest-Rated Group . | . . . . Highest-Rated Ally . | . . . . Total Orders . | . . . . Ally Attacks . | . . . . Total Damage . | . . . . Kills . | . . . . Allies Corrupted . | . . . . Allies Melted . | . . . . Intel | -11 -10 -9 -9 ------- Run | Yrd Mat Mat Sto Robot Analysis Total . | . . . . Derelict Logs Recovered . | . . . . Drone Launches 6 | . . . 6 Drone Recoveries 2 | . . . 2 Exploration | -11 -10 -9 -9 ------------- Run | Yrd Mat Mat Sto Turns Passed 2398 | 77 668 1278 375 Spaces Moved 944 | 41 295 455 153 Core 3 | 3 . . . Treads 882 | 38 295 455 94 Legs 59 | . . . 59 Wheels . | . . . . Hover . | . . . . Flight . | . . . . Fastest Speed 50 | 50 160 240 120 Average Speed 204 | 151 160 241 194 Slowest Speed 320 | 160 160 320 320 Overloaded Moves . | . . . . Propulsion Burnouts . | . . . . Robots Hopped . | . . . . Cave-ins Triggered . | . . . . Exploration Rate (%) 26 | 3 43 34 27 Regions Visited 3 Branch Regions 1 Pre-discovered Areas . | . . . . Known Exits Taken . | . . . . Unknown Exits Taken 3 | 1 1 1 . Scrap Searched . | . . . . Spaces Dug 23 | . . 6 17 Terrain Destroyed 72 | . . 6 66 Melee 9 | . . 6 3 Projectile . | . . . . AOE 63 | . . . 63 Terrain Rammed . | . . . . Walls Destroyed . | . . . . Machines Disabled . | . . . . Actions | -11 -10 -9 -9 --------- Run | Yrd Mat Mat Sto Total 1214 | 56 373 585 200 Wait 55 | . . 55 . Move 941 | 40 294 454 153 Hop . | . . . . Pick Up 44 | 10 10 12 12 Fast Attach . | . . . . Attach 23 | 6 1 9 7 Detach 1 | . . . 1 Swap 13 | . 3 5 5 Drop 10 | . 5 3 2 Fire 99 | . 60 24 15 Melee 28 | . . 23 5 Ram . | . . . . Kick . | . . . . Crush . | . . . . Escape Stasis . | . . . . Rewire . | . . . . Trap . | . . . . Miscellaneous . | . . . . Route ------- -11/Scrapyard -10/Materials -9/Materials -9/Storage History --------- Turn | Location | Event 2 | -11/Scrapyard | Met Revision 17 14 | -11/Scrapyard | Discovered new exit (range 16) 78 | -11/Scrapyard | Entered Materials 307 | -10/Materials | Build established: Mutant 457 | -10/Materials | Discovered new exit (range 4) 746 | -10/Materials | Entered another Materials area 746 | -9/Materials | Evolved 2 slots: Propulsion x2 956 | -9/Materials | Lost 4 parts (1p2n1w) 1689 | -9/Materials | Discovered new exit (range 6) 1864 | -9/Materials | Repaired Lgt. Treads 1943 | -9/Materials | Repaired Lgt. Treads 2024 | -9/Materials | Entered Storage 2087 | -9/Storage | Core integrity fell below 50% 2238 | -9/Storage | Garrison activated, responded to threat 2311 | -9/Storage | Core integrity fell below 20% 2364 | -9/Storage | Lost 8 parts (2p3n1u2w) 2399 | -9/Storage | Destroyed by B-36 Bruiser with Hammer Last Messages --------------- Drone retrieved by Drone Bay. M-13 Machinist repairs Y-45 Defender. Drone Bay destroyed. K-01 Serf collects debris. Lgt. Treads destroyed. EM Pulse Cannon destroyed. Acquired 6 matter. K-01 Serf collects debris. U-05 Engineer lays Concrete. Ion Engine destroyed. R-06 Scavenger destroyed. U-05 Engineer builds a Wall. K-01 Serf collects debris. The unstable cave ceiling collapses. U-05 Engineer lays Concrete. K-01 Serf collects debris. U-05 Engineer lays Concrete. Aluminum Leg destroyed. Critical hit (Burn: +37). Drone released from Drone Bay. Map ----- +----------------------------------------------------+ | ?????# """ """ / #????? | | ?????# # #????? | | ?????# # ##% # #######+### #????? | | ?????# *! ###### #?# #????? | | ?????# # %!! ## # #?# #????? | | ?????######/#### ]!!## ## #?# #????? | | ??????????# #??##! !! ## # #T##?# #????? | | ??????????# #???# =%# ########?## ###??? | | ??????????# #???# ##???###?### # #??? | | ??????????# #???# # ######"### ##??? | | ?????????## ##? ## """ """ # ##???? | | # ###### # "Y # ##### """ """ ##??? | | # # "" # #???# """ """ #??? | | # ###### # ! # #???# ##??? | | ?????????## ######## #???# # #???? | | ????####### ######## #???# # ##???? | | + ^ #???# # #????? | | ?" """ ### #???# # #????? | | ?????????# #???########### #????? | | ?????????# #?????????????#####????? | | ?????????# ##?????????????????????? | | ?????????# #?###?????????????????? | | ?????????# Y #?#;###???????????????? | | ?????????####" "#####Y### l #???????????????? | | ????????????#"G"#???# nnYb #???????????????? | | ????????????#"""#???#####@ Y#???????????????? | | ????????????#####???????#####???????????????? | | ????????????????????????????????????????????? | | ????????????????????????????????????????????? | | | | | | | | | | | | | | | | | | | | | | | | | | | | | | | | | | | | | | | | | | | +----------------------------------------------------+ Best States ------------- Heat Dissipation 28 Energy Generation 10 Energy Capacity 250 Matter Stores 300 Matter Capacity 300 Sight Range 16 Terrain Scan Density 10 ECM Strength 1 Evasion (%) 55 Recoil Reduction 4 Item Schematics ----------------- None Robot Schematics ------------------ None Fabricated ------------ Nothing Alien Tech Used ----------------- None Achievements -------------- Troublemaker Challenges ------------ None Game ------ Seed SpikedThiefDetector Manual? 0 Play Time 00:30:27 Cumulative 7.6 hours Start 2024.04.15 @ 13:10:21 End 2024.04.15 @ 13:40:21 Sessions 1 Manual Loads 0 Difficulty Rogue Special Mode None Game No. 5 Rogue 5 Adventurer 0 Explorer 0 Win Type - Total 0 Types 0/0/0/0/0/0/0/0/0 Lore% 6 Gallery% 12 Achievement% 12 Wizard Run 0 Options --------- Layout 0 ASCII 0 Keyboard 0 Movement Mouse Keybinds 0 Fullscreen 1 Font 18/SmallcapsGlow Map View 76x50 Zoom Use 0% Tactical HUD 0 Map Filters NONE Filters NONE Steam 1 RUN: c2b50b20-a4b1-4452-ae4c-d53fe3abf54e